 Dungeon Crawl Stone Soup version 0.23.2-1-ga50397a6bc (webtiles) character file.

Game seed: 1022103050526728770

150 PentaManta the Poker (level 5, 0/41 HPs)
             Began as a Merfolk Monk on June 2, 2019.
             Succumbed to a worker ant's poison
             ... on level 5 of the Dungeon.
             The game lasted 00:05:02 (1918 turns).

PentaManta the Poker (Merfolk Monk)                 Turns: 1918, Time: 00:05:03

Health: 0/41       AC:  5    Str: 11    XL:     5   Next: 32%
Magic:  5/5        EV: 16    Int:  9    God:
Gold:   79         SH:  0    Dex: 18    Spells: 4/4 levels left

rFire    . . .     SeeInvis .   a - +0 spear
rCold    . . .     Gourm    .   (no shield)
rNeg     . . .     Faith    .   j - +0 leather armour
rPois    .         Spirit   .   (no helmet)
rElec    .         Reflect  .   (no cloak)
rCorr    .         Harm     .   h - +0 pair of gloves
MR       .....                  o - +0 pair of boots
Stlth    ++........             (no amulet)
HPRegen  0.13/turn              (no ring)
MPRegen  0.09/turn              (no ring)

@: lethally poisoned (0 -> -15)
A: change form in water, swift swim, stealthy swim
a: no special abilities


You were on level 5 of the Dungeon.
You were hungry.

You visited 1 branch of the dungeon, and saw 5 of its levels.

You collected 79 gold pieces.

Inventory:

Hand Weapons
 a - a +0 spear (weapon)
Missiles
 l - 104 stones (quivered)
 s - 3 tomahawks
Armour
 h - a +0 pair of gloves (worn)
 j - a +0 leather armour (worn)
 o - a +0 pair of boots (worn)
Jewellery
 t - a +3 ring of intelligence {unknown}
Scrolls
 d - a scroll of blinking {unknown}
 e - a scroll of immolation {unknown}
 f - 3 scrolls of remove curse {unknown}
 g - a scroll of enchant weapon {unknown}
 k - a scroll of random uselessness {unknown}
 p - a scroll of teleportation {unknown}
 q - a scroll of identify {unknown}
Potions
 b - 2 potions of lignification {unknown}
 i - a potion of berserk rage {unknown}
 m - a potion of curing {unknown}
 n - 2 potions of haste {unknown}
 r - a potion of degeneration {unknown}
Comestibles
 c - 2 rations
 u - 2 chunks of flesh


   Skills:
 - Level 3.2 Fighting
 + Level 6.7 Polearms
 + Level 6.1 Dodging
 - Level 2.1 Stealth


You had 4 spell levels left.
You didn't know any spells.
Your spell library contained the following spells:

 Spells                   Type           Power        Failure   Level  Hunger
 Animate Skeleton         Necr           N/A          47%         1    ##.....
 Apportation              Tloc           #.....       47%         1    ##.....
 Confusing Touch          Hex            #.....       47%         1    ##.....
 Summon Small Mammal      Summ           #...         47%         1    ##.....


Dungeon Overview and Level Annotations

Branches:
Dungeon (5/15)
 Temple: D:4-7

Altars:
Hepliaklqana


Message History

The worker ant completely misses you. The worker ant bites you.
You are poisoned.
The worker ant poisons you!
You feel sick. The worker ant bites you.
You are more poisoned.
The worker ant poisons you!
You feel sick. The worker ant bites you.
You are lethally poisoned!
The worker ant poisons you!
You feel sick. The worker ant completely misses you.
* * * LOW HITPOINT WARNING * * *
You feel sick. The worker ant barely misses you.
* * * LOW HITPOINT WARNING * * *
You feel sick. The worker ant bites you.
* * * LOW HITPOINT WARNING * * *
The worker ant barely misses you.
* * * LOW HITPOINT WARNING * * *
You feel sick. The worker ant bites you.
* * * LOW HITPOINT WARNING * * *
You die...

#.####. ##...#.##
##.....#. .......
..... #... ##
#..##.. #@##5#
#a##.#.#
######J##.#.#
.....S5oo..#.#
#######..$.#.###.#
#..........#
#......####
#......# ##....o.#


You could see a jelly, a worker ant, a shadow imp and 2 orcs.

Vanquished Creatures
  7 adders (D:2)
  An ooze (D:1)
  3 worms
  6 dart slugs
  3 leopard geckos
  An orc (D:4)
  4 giant cockroaches
  5 goblins (D:1)
  4 hobgoblins
  A quokka (D:2)
  7 bats
  3 frilled lizards
  10 kobolds
  10 rats
65 creatures vanquished.

Notes
Turn   | Place    | Note
-------+----------+-------------------------------------------
     0 | D:1      | PentaManta the Merfolk Monk began the quest for the Orb.
     0 | D:1      | Reached XP level 1. HP: 18/18 MP: 1/1
   151 | D:1      | Reached XP level 2. HP: 19/24 MP: 2/2
   293 | D:1      | Reached skill level 5 in Polearms
   422 | D:1      | Reached XP level 3. HP: 29/29 MP: 3/3
   510 | D:1      | Reached skill level 5 in Dodging
   892 | D:2      | Reached XP level 4. HP: 26/35 MP: 4/4
  1361 | D:2      | Found a hazy altar of Hepliaklqana.
  1499 | D:2      | Reached XP level 5. HP: 33/41 MP: 5/5
  1840 | D:5      | Entered Level 5 of the Dungeon
  1917 | D:5      | HP: 1/41 [worker ant (3)]
  1918 | D:5      | Succumbed to a worker ant's poison

Skill      XL: |  1  2  3  4  5 |
---------------+----------------+-----
Polearms       | 5 6 |  6.7
Dodging        | 5 6 |  6.1
Fighting       | |  3.2
Stealth        | |  2.1

Action                   |  1- 3 |  4- 6 || total
-------------------------+-------+-------++-------
Melee: Spear             |   157 |   138 ||   295
 Stab: Sleeping          |     6 |       ||     6
       Distracted        |     2 |       ||     2
  Eat: Chunk             |       |     3 ||     3
Armor: Robe              |     4 |       ||     4
       Leather armour    |    25 |    41 ||    66
Dodge: Dodged            |    83 |   123 ||   206
